 Dungeon Crawl Stone Soup version 0.29.1-12-g30fa7ad0bf (webtiles) character file.

Game seed: 7621394987304981329

518 FexLirch the Grave Robber (level 7, 0/46 HPs)
             Began as a Mummy Necromancer on Jan 18, 2023.
             Was an Initiate of Gozag.
             Killed from afar by an orc wizard (13 damage)
             ... with a puff of flame
             ... on level 4 of the Dungeon.
             The game lasted 00:10:13 (5198 turns).

FexLirch the Grave Robber (Mummy Necromancer)       Turns: 5198, Time: 00:10:14

Health: 0/46       AC:  5    Str: 11    XL:     7   Next: 1%
Magic:  3/16       EV: 11    Int: 17    God:    Gozag
Gold:   339        SH:  0    Dex: 12    Spells: 10/18 levels left

rFire   x . .      SeeInvis .   j - +1 whip (pain)
rCold   + . .      Faith    .   (no shield)
rNeg    + + +      Spirit   .   e - +0 leather armour
rPois   ∞          Reflect  .   g - +1 hat {Stlth+}
rElec   .          Harm     .   (no cloak)
rCorr   .          Rampage  .   p - +0 pair of gloves
Will    .....                   (no boots)
Stlth   +++.......              (no amulet)
HPRegen 0.15/turn               (no ring)
MPRegen 0.15/turn               (no ring)

@: gold aura
A: cold resistance 1, negative energy resistance 3, torment resistance 2, heat
vulnerability 1, in touch with death 1, no potions
a: Renounce Religion, Potion Petition, Call Merchant, Bribe Branch


You were on level 4 of the Dungeon.
You worshipped Gozag.
Gozag was aware of your devotion.
You visited 1 branch of the dungeon, and saw 6 of its levels.

You collected 406 gold pieces.
You paid 67 gold pieces to Gozag.

Inventory:

Hand Weapons
 c - a +2 dagger of speed
 j - a +1 whip of pain (weapon)
Missiles
 b - 4 poisoned darts (quivered)
Armour
 a - a +0 robe
 e - a +0 leather armour (worn)
 g - a +1 hat of stealth (worn)
 p - a +0 pair of gloves (worn)
Jewellery
 n - a +6 ring of strength
Wands
 m - a wand of flame (11)
Scrolls
 d - a scroll of acquirement {unknown}
 f - 2 scrolls of noise {unknown}
 h - a scroll of torment {unknown}
 i - 2 scrolls of magic mapping
 k - 2 scrolls of fear
 l - a scroll of teleportation {unknown}
 o - 2 scrolls of blinking {unknown}
 q - a scroll of immolation {unknown}
 r - a scroll of fog {unknown}


   Skills:
 + Level 2.0 Maces & Flails
 - Level 1.8 Dodging
 - Level 2.0 Stealth
 * Level 6.1 Spellcasting
 * Level 6.1 Necromancy


You had 10 spell levels left.
You knew the following spells:

 Your Spells              Type           Power      Damage    Failure   Level
a - Necrotise             Necr           100%       1d9       1%          1
b - Vampiric Draining     Necr           39%        2d8       4%          3
c - Animate Dead          Necr           39%        N/A       13%         4

Your spell library contained the following spells:

 Spells                   Type           Power      Damage    Failure   Level
 Agony                    Necr           39%        N/A       36%         5


Dungeon Overview and Level Annotations

Branches:
Dungeon (6/15)             Temple (0/1) D:5

Altars:
Fedhas
Gozag

Annotations:
D:4 exclusion: 3 orc priests
D:5 Grinder


Innate Abilities, Weirdness & Mutations

You are immune to poison.
Your flesh is cold resistant. (rC+)
You are immune to negative energy. (rN+++)
You are immune to unholy pain and torment.
You are vulnerable to heat. (rF-)
You are in touch with the powers of death.
You do not drink.


Message History

Press: ? - help, Shift-Dir - straight line, f/p - ogre
Aim: an ogre, wielding a +0 giant club (heavily wounded)
You feel a surge of power!
You draw life force from the ogre!
You feel life coursing into your body. The ogre misses you.
Casting: Vampiric Draining (dangerous; 4% risk of failure)
Confirm with . or Enter, or press ? or * to list all spells.
Aiming: Vampiric Draining (dangerous; 4% risk of failure)
Press: ? - help, Shift-Dir - straight line, f/p - ogre
Aim: an ogre, wielding a +0 giant club (almost dead)
You feel a surge of power!
You draw life force from the ogre!
You kill the ogre!
You feel life coursing into your body.
Your Maces & Flails skill increases to level 2!
Your Spellcasting skill increases to level 6!
Your Necromancy skill increases to level 6!
You have reached level 7!
You hit the orc.
The orc is almost dead.
The orc hits you but does no damage.
You hit the orc but do no damage.
The orc writhes in agony.
You kill the orc!
The orc wizard gestures at you while chanting.
The puff of flame hits you!! The fire burns you terribly!
The orc wizard is distracted by your dazzling golden aura.
Items here: $ ( )) [.
You hit the orc wizard.
The orc wizard writhes in agony.
The orc wizard is no longer distracted by gold.
The orc wizard is moderately wounded.
The orc wizard hits you with a +0 dagger.
* * * LOW HITPOINT WARNING * * *
Casting: Vampiric Draining (dangerous; 4% risk of failure)
Confirm with . or Enter, or press ? or * to list all spells.
Okay, then.
Unknown command.
You barely miss the orc wizard.
The orc wizard is moderately wounded.
The orc wizard casts a spell at you. The puff of flame hits you!
The fire burns you terribly!
You die...
Your body crumbles into a pile of gold.

#.### #.##.# #...##
#o##.# ###..### #.##.#
##...## #.##.# ###..#
#########.##.#
##.#######....o..o.##.#
#......##.#########..#
###....##o# #...##
##...##@# #.###
#....#.#######.## #
#...............# #
#...#...#####.#.# #
#...###)......#.# #...#
####>.....# #####
########


You could see an orc wizard.

Vanquished Creatures
  An ogre (D:4)
  A bullfrog (D:5)
  A scorpion (D:3)
  A jelly (D:5)
  Jessica (D:2)
  3 orc wizards (D:4)
  3 gnolls (D:5)
  5 adders
  A shadow imp (D:5)
  An ufetubus (D:4)
  A worm (D:2)
  4 dart slugs
  6 orcs
  3 ball pythons
  10 bats
  5 endoplasms
  7 giant cockroaches
  6 goblins
  8 hobgoblins
  A quokka (D:4)
  6 frilled lizards
  9 kobolds
  4 rats
88 creatures vanquished.

Vanquished Creatures (collateral kills)
  A giant cockroach (D:3)
  A kobold (D:1)
  A quokka (D:1)
3 creatures vanquished.

Vanquished Creatures (others)
  47 plants (D:4)
47 creatures vanquished.

Grand Total: 138 creatures vanquished

Notes
Turn   | Place    | Note
-------+----------+-------------------------------------------
     0 | D:1      | FexLirch the Mummy Necromancer began the quest for the Orb.
     0 | D:1      | Reached XP level 1. HP: 13/13 MP: 4/4
   382 | D:1      | Reached XP level 2. HP: 19/19 MP: 2/5
   989 | D:1      | Gained mutation: You are in touch with the powers of death.
                  | [Mummy growth]
   989 | D:1      | Reached XP level 3. HP: 24/24 MP: 2/7
  1170 | D:1      | Found a faded altar of an unknown god.
  1734 | D:2      | Reached XP level 4. HP: 30/30 MP: 6/9
  1840 | D:2      | Noticed Jessica
  1844 | D:2      | Killed Jessica
  2655 | D:3      | Reached skill level 5 in Necromancy
  2656 | D:3      | Noticed a scorpion
  2667 | D:3      | Reached XP level 5. HP: 27/35 MP: 5/11
  2677 | D:3      | Reached skill level 1 in Maces & Flails
  2818 | D:3      | Learned a level 3 spell: Vampiric Draining
  2823 | D:3      | Learned a level 4 spell: Animate Dead
  2836 | D:3      | Found a blossoming altar of Fedhas.
  2836 | D:3      | Found an opulent altar of Gozag.
  2923 | D:3      | Became a worshipper of Gozag Ym Sagoz the Greedy
  3252 | D:4      | Noticed an ogre
  3529 | D:4      | Noticed an ogre
  3771 | D:4      | Reached skill level 5 in Spellcasting
  3799 | D:5      | Entered Level 5 of the Dungeon
  3875 | D:5      | Noticed Grinder
  4257 | D:5      | Reached XP level 6. HP: 31/41 MP: 6/13
  4988 | D:5      | Found a staircase to the Ecumenical Temple.
  5194 | D:4      | Reached XP level 7. HP: 34/46 MP: 2/16
  5198 | D:4      | Killed from afar by an orc wizard

Illustrated notes

Levels and vault maps discovered:
D:1:      pf_arrival_petrified_forest, layout_basic,
          ebering_ecumenical_altar_box, moated_statue
D:2:      minmay_alternating_diamond, layout_loops_cross, grunt_decor_cap,
          uniq_jessica
D:3:      wander_river, layout_basic, jmf_multi_god_temple
D:4:      layout_basic, mainiacjoe_overflow_small_starburst,
          serial_bayou_lagoon_a
D:5:      layout_basic, minmay_temple_entry_gardened_gates, uniq_grinder
D:6:      layout_loops_corners, minmay_misc_feat_room, serial_bayou_pond_b,
          minmay_fire_ice_demons

Skill      XL: |  1  2  3  4  5  6 |
---------------+-------------------+-----
Spellcasting   | 3 4 5 6 |  6.1
Stealth        | 2 |  2.0
Necromancy     | 5 6 |  6.1
Maces & Flails | 1 2 |  2.0
Dodging        | |  1.8

Action                   |  1- 3 |  4- 6 |  7- 9 || total
-------------------------+-------+-------+-------++-------
Melee: Unarmed           |    16 |       |       ||    16
       Dagger            |     4 |    18 |       ||    22
       Whip              |     1 |    19 |     4 ||    24
Throw: Dart              |       |     1 |       ||     1
 Cast: Necrotise         |    64 |    98 |       ||   162
       Vampiric Draining |       |     7 |       ||     7
  Use: Scroll            |       |     2 |       ||     2
 Stab: Sleeping          |       |     1 |       ||     1
Armor: Robe              |     7 |       |       ||     7
       Leather armour    |     4 |    20 |     1 ||    25
Dodge: Dodged            |    21 |    48 |       ||    69
